 Dungeon Crawl Stone Soup version 0.26.0-10-g1f06aea511 (webtiles) character file.

Game seed: 1385928385257199756

32712 Amaterasu the Geomancer (level 13, -1/79 HPs)
             Began as a Gargoyle Earth Elementalist on Feb 1, 2021.
             Was a High Priest of Vehumet.
             Slain by a blink frog (11 damage)
             ... on level 6 of the Lair of Beasts.
             The game lasted 00:42:54 (14915 turns).

Amaterasu the Geomancer (GrEE)                     Turns: 14915, Time: 00:42:54

Health: -1/79      AC: 16    Str: 12    XL:     13   Next: 66%
Magic:  7/26       EV: 13    Int: 21    God:    Vehumet [*****.]
Gold:   965        SH:  0    Dex: 10    Spells: 14/30 levels left

rFire    . . .     SeeInvis +   B - +4 rapier
rCold    . . .     Faith    .   (no shield)
rNeg     + . .     Spirit   .   d - +2 robe of Vines {NoPotionHeal Regen+7}
rPois    ∞         Reflect  .   F - +2 hat
rElec    +         Harm     .   x - scarf {repulsion}
rCorr    .         Rampage  .   (no gloves)
Will     .....                  (no boots)
Stlth    ++........             (no amulet)
HPRegen  3.03/turn              r - +4 ring of slaying
MPRegen  0.20/turn              c - ring of see invisible

@: repel missiles
A: negative energy resistance 1, electricity resistance, unbreathing,
petrification resistance, miasma immunity, AC +9
a: Renounce Religion


You were on level 6 of the Lair of Beasts.
You worshipped Vehumet.
Vehumet was extremely pleased with you.
You visited 3 branches of the dungeon, and saw 16 of its levels.
You also visited: Ossuary.

You collected 965 gold pieces.

Inventory:

Hand Weapons
 B - a +4 rapier (weapon)
Missiles
 b - 9 stones
Armour
 d - the +2 robe of Vines (worn) {NoPotionHeal Regen+7}
   (You found it on level 4 of the Lair of Beasts)

   It increases your rate of regeneration.
 x - a scarf of repulsion (worn)
 F - a +2 hat (worn)
 J - the +5 scale mail "Nuamim" {Will+ Dex+4}
   (You found it on level 10 of the Dungeon)

   It affects your dexterity (+4).
   It affects your willpower, your defense against some magical effects.
Jewellery
 c - a ring of see invisible (right hand)
 r - a +4 ring of slaying (left hand)
 C - an uncursed ring of willpower
Wands
 m - a wand of random effects (61)
 s - a wand of digging (3)
 y - a wand of acid (1)
 A - a wand of polymorph (12)
 D - a wand of paralysis (10)
 E - a wand of flame (23)
 H - a wand of disintegration (7)
Scrolls
 k - 2 scrolls of amnesia
 l - 7 scrolls of fog
 w - a scroll of magic mapping
 z - 3 scrolls of blinking
Potions
 a - 5 potions of haste
 e - 3 potions of flight
 f - 2 potions of cancellation
 g - a potion of ambrosia
 h - 2 potions of might
 i - 3 potions of brilliance
 n - a potion of magic
 o - 4 potions of attraction {unknown}
 p - a potion of berserk rage {unknown}
 q - 6 potions of curing {unknown}
 t - 7 potions of heal wounds {unknown}
 u - 3 potions of resistance {unknown}
 G - a potion of lignification {unknown}
 I - a potion of degeneration {unknown}
 K - 2 potions of mutation {unknown}


   Skills:
 * Level 8.4 Fighting
 * Level 4.2 Short Blades
 - Level 7.0 Armour
 * Level 4.5 Dodging
 - Level 2.1 Stealth
 - Level 9.0 Spellcasting
 - Level 5.0 Conjurations
 - Level 5.0 Summonings
 - Level 0.7 Transmutations
 * Level 7.7 Air Magic
 * Level 14.8 Earth Magic


You had 14 spell levels left.
You knew the following spells:

 Your Spells              Type           Power        Failure   Level
a - Sandblast             Erth           100%         0%          1
b - Stone Arrow           Conj/Erth      100%         1%          3
c - Lee's Rapid Deconstr  Erth           32%          1%          5
d - Summon Lightning Spi  Summ/Air       36%          5%          4
e - Static Discharge      Conj/Air       36%          1%          3

Your spell library contained the following spells:

 Spells                   Type           Power        Failure   Level
 Yara's Violent Unravell  Hex/Tmut       5%           38%         5
 Shock                    Conj/Air       100%         1%          1
 Summon Small Mammal      Summ           100%         1%          1
 Call Imp                 Summ           30%          1%          2
 Passwall                 Tmut/Erth      35%          1%          2
 Swiftness                Air            42%          1%          2
 Airstrike                Air            21%          1%          4
 Call Canine Familiar     Summ           30%          2%          3
 Petrify                  Tmut/Erth      42%          3%          4
 Lightning Bolt           Conj/Air       18%          4%          5
 Beastly Appendage        Tmut           24%          5%          1
 Summon Guardian Golem    Hex/Summ       19%          8%          3
 Wereblood                Tmut           12%          9%          2
 Spider Form              Tmut/Pois      5%           19%         3
 Summon Ice Beast         Ice/Summ       19%          26%         4
 Ice Form                 Ice/Tmut       10%          52%         4
 Blade Hands              Tmut           6%           83%         5


Dungeon Overview and Level Annotations

Branches:
Dungeon (10/15)            Temple (1/1) D:5            Lair (6/6) D:10
 Shoals (0/4) Lair:2        Snake (0/4) Lair:2          Orc (0/2) D:10
Ossuary (visited)
  Slime: Lair:5-6

Altars:
Cheibriados
Fedhas
Gozag
Hepliaklqana
Qazlal
Sif Muna
Trog
Vehumet
Zin

Annotations:
Lair:1 exclusion: oklob plant
Lair:6 exclusion: ice statue


Innate Abilities, Weirdness & Mutations

You are resistant to torment.
Your stone body is resilient. (AC +9)
You are immune to poison.
You resist negative energy. (rN+)
You are resistant to electric shocks. (rElec)
You can survive without breathing.
You are immune to petrification.
You are immune to miasma.


Message History

The vampire mosquito bites you but does no damage.
The blink frog closely misses you.
Found a scythe.
A cane toad comes into view.
The cane toad croaks.
You hear a roar!
The vampire mosquito closely misses you. x2
The blink frog blinks!
The bullfrog hits you but does no damage.
You hear a howl!
You hear a loud, deep croak!
The cane toad croaks.
You hear a howl!
The cane toad gives a loud, deep croak!
The vampire mosquito bites you! The blink frog hits you!
* * * LOW HITPOINT WARNING * * *
A cane toad comes into view.
The blink frog hits you.
* * * LOW HITPOINT WARNING * * *
The blink frog blinks!
The vampire mosquito bites you but does no damage.
The blink frog hits you!
You die...

...
.........#..≈≈≈≈≈≈≈≈ ≈
........##..≈≈≈≈≈P≈≈
........#..≈≈≈≈≈≈≈≈≈
...$....#Y.Y≈≈≈≈≈≈≈≈
.)...P..≈w.≈≈≈≈≈≈≈≈≈
..........≈≈≈≈≈≈≈≈≈≈
........l..≈≈≈≈≈≈≈≈
h.....FyyF≈≈≈≈≈≈≈≈
...#.#.@F≈≈≈≈≈#≈≈≈
.F..l.§...≈≈≈≈#≈≈
...§...P≈≈≈≈≈##
.⌠........F.....#..≈###
.........F#.......≈≈#
#....P....F.......≈≈#
##........F.Y... .≈.≈≈
...§....##...FP. ...≈≈≈
^..........P


You could see a tyrant leech, a polar bear (wandering), 3 yaks, 4 cane toads, 2
basilisks, 3 blink frogs, 2 vampire mosquitoes and 2 bullfrogs.

Vanquished Creatures
  Gastronok (Lair:2)
  Erolcha (D:9)
  Harold (D:8)
  6 hydras
  5 death yaks (Lair:2)
  3 black mambas
  The ghost of kuzco6543 the Changer, a novice DrTm (D:5)
  10 cane toads
  A gargoyle (D:10)
  Psyche (D:8)
  A centaur skeleton (D:10)
  2 komodo dragons
  Maggie (D:9)
  A rime drake (Lair:3)
  3 polar bears
  4 trolls
  The ghost of IHuginn the Thrower, an amateur GnHu of Makhleb (D:5)
  A merfolk (Lair:2)
  13 blink frogs
  Prince Ribbit (D:9)
  A wyvern (D:9)
  A vampire (D:10)
  A basilisk (Lair:2)
  25 yaks
  Grum (Lair:1)
  The ghost of StoneSoupSpirit the Chopper, an amateur DsCK of Xom (D:5)
  The ghost of askman the Shield-Bearer, an amateur DsFi (D:3)
  Menkaure (D:4)
  A vampire mosquito (Lair:6)
  6 water moccasins
  2 orc warriors
  8 ice beasts
  A phantom (D:5)
  2 sky beasts
  3 necrophages
  2 ogres (D:10)
  11 wolves
  A centaur (D:10)
  An elf zombie (Ossuary)
  14 bullfrogs
  A wyvern zombie (D:6)
  A wyvern skeleton (D:7)
  4 scorpions
  3 howler monkeys (D:10)
  6 electric eels
  2 bullfrog zombies
  2 jellies (D:7)
  A human zombie (Ossuary)
  3 orc priests
  10 hounds
  11 orc wizards
  Jessica (D:2)
  Natasha (D:2)
  3 iguanas
  7 worker ants
  2 big kobold zombies (Ossuary)
  2 mummies (Ossuary)
  2 hound zombies (D:5)
  2 hound skeletons
  2 worker ant zombies
  7 gnolls
  A howler monkey skeleton (D:4)
  17 adders
  2 shadow imps
  2 white imps
  2 ufetubi
  An ooze (D:5)
  An adder zombie (Ossuary)
  An adder skeleton (D:4)
  7 worms
  A dart slug (D:3)
  5 leopard geckos
  38 orcs
  8 ball pythons
  7 giant cockroaches
  4 goblins
  9 hobgoblins
  19 jackals
  6 kobolds
  2 quokkas
  4 bats
  2 frilled lizards
  2 goblin zombies (Ossuary)
  7 hobgoblin zombies (Ossuary)
  A jackal skeleton (D:6)
  4 jackal zombies (Ossuary)
  9 kobold zombies (Ossuary)
  9 orc zombies (Ossuary)
  A quokka skeleton (D:7)
  12 rats
  A rat zombie (Ossuary)
400 creatures vanquished.

Vanquished Creatures (collateral kills)
  A black mamba (Lair:6)
  2 cane toads (Lair:6)
  A freezing wraith (Lair:6)
  A polar bear (Lair:6)
  An ice beast (Lair:6)
  A wolf (Lair:6)
  3 bullfrogs (Lair:6)
10 creatures vanquished.

Vanquished Creatures (others)
  37 fungi
  103 plants
140 creatures vanquished.

Grand Total: 550 creatures vanquished

Notes
Turn   | Place    | Note
-------+----------+-------------------------------------------
     0 | D:1      | Amaterasu the Gargoyle Earth Elementalist began the quest
                  | for the Orb.
     0 | D:1      | Reached XP level 1. HP: 10/10 MP: 3/3
   229 | D:1      | Reached skill level 4 in Earth Magic
   237 | D:1      | Reached XP level 2. HP: 11/16 MP: 1/5
   301 | D:1      | Reached skill level 1 in Fighting
   810 | D:2      | Reached XP level 3. HP: 20/20 MP: 6/6
   814 | D:2      | Learned a level 3 spell: Stone Arrow
  1088 | D:2      | Noticed Jessica
  1098 | D:2      | Killed Jessica
  1099 | D:2      | Reached skill level 1 in Conjurations
  1099 | D:2      | Reached skill level 5 in Earth Magic
  1099 | D:2      | Reached XP level 4. HP: 23/26 MP: 3/7
  1795 | D:2      | Reached XP level 5. HP: 30/30 MP: 6/8
  1812 | D:2      | Noticed Natasha
  1815 | D:2      | Killed Natasha
  1858 | D:2      | Reached skill level 6 in Earth Magic
  2468 | D:3      | Reached XP level 6. HP: 34/37 MP: 6/9
  2576 | D:3      | Found a runed translucent gate.
  2576 | D:3      | Found a runed translucent gate.
  2577 | D:3      | Found a runed translucent gate.
  2577 | D:3      | Noticed askman's ghost (amateur DsFi)
  2602 | D:3      | Killed askman's ghost
  3296 | D:4      | Reached skill level 7 in Earth Magic
  3320 | D:4      | Reached XP level 7. HP: 41/41 MP: 4/10
  3470 | D:4      | Learned a level 5 spell: Lee's Rapid Deconstruction
  3492 | D:4      | Noticed Menkaure
  3501 | D:4      | Killed Menkaure
  3623 | D:4      | Reached skill level 8 in Earth Magic
  3968 | D:5      | Entered Level 5 of the Dungeon
  4114 | D:5      | Found a sand-covered staircase.
  4140 | Ossuary  | Entered an ossuary
  4537 | Ossuary  | Reached skill level 1 in Armour
  4537 | Ossuary  | Reached XP level 8. HP: 24/48 MP: 10/12
  5040 | D:5      | Found a staircase to the Ecumenical Temple.
  5047 | Temple   | Entered the Ecumenical Temple
  5114 | Temple   | Became a worshipper of Vehumet
  5822 | D:5      | Found a runed translucent gate.
  5822 | D:5      | Found a runed translucent gate.
  5844 | D:5      | Found a runed translucent gate.
  5846 | D:5      | Noticed StoneSoupSpirit's ghost (amateur DsCK)
  5846 | D:5      | Noticed IHuginn's ghost (amateur GnHu)
  5846 | D:5      | Noticed kuzco6543's ghost (novice DrTm)
  6178 | D:5      | Killed kuzco6543's ghost
  6179 | D:5      | Reached skill level 5 in Fighting
  6254 | D:5      | Killed IHuginn's ghost
  6255 | D:5      | Reached skill level 5 in Spellcasting
  6255 | D:5      | Reached skill level 9 in Earth Magic
  6255 | D:5      | Reached XP level 9. HP: 54/54 MP: 5/16
  6331 | D:5      | Killed StoneSoupSpirit's ghost
  6643 | D:6      | Reached skill level 1 in Short Blades
  6726 | D:6      | Identified the cursed +1 chain mail of Kikubaaqudgha's Envy
                  | {*Contam Dex+3 SInv}
  6729 | D:6      | Reached * piety under Vehumet
  6729 | D:6      | Offered knowledge of Magic Dart by Vehumet.
  7287 | D:7      | Noticed a moth of wrath
  7289 | D:7      | Found a bloodstained altar of Trog.
  7620 | D:7      | Learned a level 4 spell: Summon Lightning Spire
  8034 | D:8      | Noticed Harold
  8055 | D:8      | Killed Harold
  8056 | D:8      | Reached skill level 1 in Summonings
  8056 | D:8      | Reached skill level 1 in Air Magic
  8056 | D:8      | Reached skill level 10 in Earth Magic
  8056 | D:8      | Reached XP level 10. HP: 33/60 MP: 6/19
  8198 | D:8      | Offered knowledge of Foxfire by Vehumet.
  8206 | D:8      | Reached ** piety under Vehumet
  8489 | D:8      | Found a stormy altar of Qazlal.
  8699 | D:8      | Noticed Psyche
  8705 | D:8      | Killed Psyche
  9016 | D:8      | Learned a level 3 spell: Static Discharge
  9354 | D:9      | Reached skill level 5 in Armour
  9776 | D:9      | Noticed Prince Ribbit
  9779 | D:9      | Killed Prince Ribbit
  9929 | D:9      | Noticed Erolcha
  9936 | D:9      | Killed Erolcha
 10003 | D:9      | Reached skill level 11 in Earth Magic
 10033 | D:9      | Noticed Maggie
 10044 | D:9      | Killed Maggie
 10285 | D:10     | Entered Level 10 of the Dungeon
 10312 | D:10     | Reached XP level 11. HP: 60/66 MP: 22/22
 10533 | D:10     | Offered knowledge of Conjure Flame by Vehumet.
 10667 | D:10     | Found a staircase to the Lair.
 10738 | D:10     | Reached *** piety under Vehumet
 10878 | D:10     | Found a staircase to the Orcish Mines.
 11186 | D:10     | Offered knowledge of Ignite Poison by Vehumet.
 11408 | D:10     | Got a masterwork scale mail
 11419 | D:10     | Identified the +5 scale mail "Nuamim" {Will+ Dex+4} (You
                  | found it on level 10 of the Dungeon)
 11538 | Lair:1   | Entered Level 1 of the Lair of Beasts
 11669 | Lair:1   | Noticed a seven-headed hydra
 11671 | Lair:1   | Killed a seven-headed hydra
 11672 | Lair:1   | Reached skill level 12 in Earth Magic
 11803 | Lair:1   | Reached skill level 5 in Conjurations
 12223 | Lair:1   | Reached **** piety under Vehumet
 12234 | Lair:1   | Noticed Grum
 12239 | Lair:1   | Killed Grum
 12239 | Lair:1   | Offered knowledge of Sticky Flame by Vehumet.
 12367 | Lair:1   | Noticed an oklob plant
 12551 | Lair:2   | Noticed a death yak
 12552 | Lair:2   | Noticed a death yak
 12553 | Lair:2   | Noticed a death yak
 12556 | Lair:2   | Noticed a death yak
 12676 | Lair:2   | Reached XP level 12. HP: 61/72 MP: 2/24
 12697 | Lair:1   | Reached skill level 5 in Summonings
 13081 | Lair:2   | Reached skill level 5 in Air Magic
 13219 | Lair:2   | Noticed a four-headed hydra
 13228 | Lair:2   | Killed a four-headed hydra
 13279 | Lair:2   | You fall into a shaft and drop 2 floors!
 13343 | Lair:4   | Noticed a four-headed hydra
 13353 | Lair:4   | Killed a four-headed hydra
 13433 | Lair:4   | Found the +2 robe of Vines {NoPotionHeal Regen+7}
 13456 | Lair:4   | Noticed an eight-headed hydra
 13463 | Lair:4   | Killed an eight-headed hydra
 13890 | Lair:2   | Found a staircase to the Snake Pit.
 13902 | Lair:2   | Noticed a six-headed hydra
 13909 | Lair:2   | Killed a six-headed hydra
 13941 | Lair:2   | Noticed a six-headed hydra
 13947 | Lair:2   | Killed a six-headed hydra
 14025 | Lair:2   | Noticed a death yak
 14048 | Lair:2   | Killed a death yak
 14049 | Lair:2   | Reached skill level 13 in Earth Magic
 14049 | Lair:2   | Reached XP level 13. HP: 76/77 MP: 8/26
 14076 | Lair:2   | Reached ***** piety under Vehumet
 14082 | Lair:2   | Offered knowledge of Yara's Violent Unravelling by Vehumet.
 14144 | Lair:2   | Noticed Gastronok
 14158 | Lair:2   | Killed Gastronok
 14159 | Lair:2   | Reached skill level 14 in Earth Magic
 14505 | Lair:2   | Found a staircase to the Shoals.
 14648 | Lair:3   | You fall into a shaft and drop 3 floors!
 14648 | Lair:6   | Entered Level 6 of the Lair of Beasts
 14915 | Lair:6   | Slain by a blink frog

Illustrated notes

Levels and vault maps discovered:
D:1:      saegor_arrival_miasma, layout_rooms
D:2:      layout_basic, minmay_snake_closets, uniq_jessica, uniq_natasha
D:3:      layout_loops_ring, ebering_ghost_rock_garden,
          chequers_serial_rivers_small_b, nrook_mini_backslash,
          serial_bayou_ford_a
D:4:      layout_rooms, uniq_menkaure
D:5:      layout_basic, minmay_temple_entry_metal_lava,
          gammafunk_ghost_cemetery, nicolae_ossuary_entry_false_entrances
D:6:      layout_cave_pools
D:7:      layout_cave_pools, serial_rivers, chequers_serial_rivers_micro_a,
          chequers_serial_rivers_micro_b, chequers_serial_rivers_room_b,
          chequers_serial_rivers_micro_d, chequers_serial_rivers_micro_b,
          chequers_serial_rivers_small_3, tgw_trog
D:8:      layout_gridville, marbit_many_paths, serial_co_window_serial,
          co_window_corner_a, co_window_paths_a, co_window_of_opportunity_a,
          co_window_of_opportunity_a, co_window_of_opportunity_a,
          co_window_unsneaky_path_b, co_window_2corner, co_window_corner_cb,
          co_window_paths_e, glass_columns_a, glass_columns_b, glass_columns_b,
          uniq_psyche, uniq_harold
D:9:      cheibrodos_iron_armory, layout_stronghold, uniq_prince_ribbit1,
          uniq_maggie, uniq_erolcha
D:10:     layout_roguey, erik_lair_island, orc_0_dummy
Temple:   roderic_octagonal_lattice_temple
Lair:1:   layout_gridlike, serial_bayou_shore_b, serial_bayou_shore_b,
          minmay_lair_oklob_chamber, uniq_grum
Lair:2:   layout_roguey, elwin_shoals_entry_rooms, dummy_snake_entry,
          nicolae_quartered_pool_super, grunt_megastairs_4, uniq_gastronok
Lair:3:   layout_long_grid, serial_bayou, serial_bayou_pond_a,
          serial_bayou_shore_a, serial_bayou_lake_a, serial_bayou_crossing,
          grunt_megastairs_2, uniq_sonja, uniq_urug
Lair:4:   layout_cave_pods, grunt_megastairs_5, serial_bayou_shore_b
Lair:6:   minmay_lair_end_frog_pond, layout_misc_corridors,
          minmay_slime_entry_jelly_boxes, ice2_lemuel

Skill      XL: |  1  2  3  4  5  6  7  8  9 10 11 12 13 |
---------------+----------------------------------------+-----
Earth Magic    | 4 5 6 7 8 9 10 11 12 13 14 | 14.8
Fighting       | 1 2 3 4 5 6 7 8 |  8.4
Conjurations   | 1 2 3 5 |  5.0
Dodging        | 2 3 4 |  4.5
Spellcasting   | 3 5 6 7 8 9 |  9.0
Armour         | 1 3 4 5 6 7 |  7.0
Short Blades   | 3 4 |  4.2
Summonings     | 1 2 4 5 |  5.0
Air Magic      | 1 2 4 7 |  7.7
Stealth        | |  2.1
Transmutations | |  0.7

Action                   |  1- 3 |  4- 6 |  7- 9 | 10-12 | 13-15 || total
-------------------------+-------+-------+-------+-------+-------++-------
Melee: Unarmed           |    10 |       |       |       |       ||    10
       Short sword       |    47 |   134 |   309 |       |       ||   490
       Rapier            |       |       |   106 |   360 |   118 ||   584
 Cast: Sandblast         |    27 |    47 |   127 |   145 |    69 ||   415
       Lee's Rapid Decon |       |       |     3 |    38 |     8 ||    49
       Summon Lightning  |       |       |       |       |     8 ||     8
Evoke: Wand              |       |       |       |     3 |     4 ||     7
  Use: Scroll            |     4 |     9 |     8 |     6 |     3 ||    30
       Potion            |       |     1 |       |       |       ||     1
 Stab: Sleeping          |       |     1 |       |     1 |       ||     2
       Distracted        |       |       |       |       |     1 ||     1
Armor: Robe              |    31 |    43 |    11 |    66 |   118 ||   269
       Ring mail         |       |       |   291 |    41 |       ||   332
       Troll leather arm |       |       |       |    14 |       ||    14
       Scale mail        |       |       |       |   118 |       ||   118
Dodge: Dodged            |    56 |    88 |   274 |   249 |   153 ||   820
       Repelled          |       |       |       |     1 |     2 ||     3
